 Dungeon Crawl Stone Soup version 0.22-a0-458-gb446440 (webtiles) character file.

460 Patate the Ruffian (level 6, -4/61 HPs)
             Began as a Troll Monk on June 8, 2018.
             Slain by an ogre
             ... wielding a +0 giant club
              (28 damage)
             ... on level 4 of the Dungeon.
             The game lasted 00:06:53 (2463 turns).

Patate the Ruffian (Troll Monk)                     Turns: 2463, Time: 00:06:54

Health: -4/61      AC:  6    Str: 22    XL:     6   Next: 78%
Magic:  5/5        EV: 10    Int:  6    God:
Gold:   147        SH:  0    Dex: 12    Spells: 5/5 levels left

rFire    . . .     SeeInvis .     - Unarmed
rCold    . . .     Gourm    +   (no shield)
rNeg     . . .     Faith    .   a - +1 robe
rPois    .         Spirit   .   (helmet restricted)
rElec    .         Reflect  .   (no cloak)
rCorr    .         Harm     .   (gloves unavailable)
MR       +....                  (boots unavailable)
Stlth    ++........             (no amulet)
HPRegen  0.60/turn              e - ring of protection from magic
MPRegen  0.09/turn              (no ring)

@: no status effects
A: large, unfitting armour, claws 3, fast metabolism 3, gourmand, regeneration
1, shaggy fur 1, tough skin 2
a: no special abilities


You were on level 4 of the Dungeon.
You were completely stuffed.

You visited 1 branch of the dungeon, and saw 4 of its levels.

You collected 147 gold pieces.

Inventory:

Missiles
 d - 7 javelins (quivered)
Armour
 a - a +1 robe (worn)
Jewellery
 e - a ring of protection from magic (left claw)
Scrolls
 c - 4 scrolls of teleportation
 i - 2 scrolls of magic mapping
 m - 2 scrolls of identify
 n - 2 scrolls of enchant armour
Potions
 g - a potion of mutation
 h - 3 potions of might
 k - a potion of haste
 l - 3 potions of curing
Comestibles
 b - 6 rations
 f - 5 chunks of flesh


   Skills:
 + Level 3.1 Fighting
 - Level 2.4 Dodging
 - Level 1.0 Stealth
 * Level 7.4 Unarmed Combat


You had 5 spell levels left.
You didn't know any spells.
Your spell library was empty.

Dungeon Overview and Level Annotations

Branches:
Dungeon (4/15)
 Temple: D:4-7

Altars:
Elyvilon


Innate Abilities, Weirdness & Mutations

You are too large for most types of armour.
You have claws for hands.
Your metabolism is lightning-fast.
You like to eat raw meat.
Your natural rate of healing is unusually fast.
You are covered in fur. (AC +1)
You have very tough skin. (AC +2)


Message History

You kill the jackal!
The jackal misses you.
You mangle the jackal!!
You kill the jackal!
The ogre barely misses you.
You scratch the jackal.
The jackal is severely wounded.
The jackal closely misses you. The ogre completely misses you.
You closely miss the jackal. Your claw misses the jackal.
The jackal is severely wounded.
The jackal barely misses you. The jackal closely misses you.
You claw the jackal!
You kill the jackal!
The ogre hits you with a giant club!!
You mangle the ogre!!
The ogre is severely wounded.
You claw the ogre!
The ogre is almost dead.
The ogre hits you with a giant club!!
You die...

. .# ##### .. ..>## .#
...#
.##################..#####
.>.............O@†.†.....#
.....###################.#
.....# #......... .#####
#.#.....# .# #.#.....# .#
#.#.....# .#######'#.....#
##...(.........+
##.............#


You could see an ogre.

Vanquished Creatures
  An ogre (D:3)
  The ghost of kidcy the Chiller, an amateur DrIE (D:3)
  An orc priest (D:3)
  A hound (D:4)
  A bullfrog skeleton (D:3)
  A jelly (D:4)
  A worker ant (D:4)
  A worker ant zombie (D:3)
  7 adders
  2 worms
  3 dart slugs
  A leopard gecko (D:2)
  5 orcs (D:3)
  4 giant cockroaches
  9 goblins
  8 hobgoblins
  10 jackals
  5 bats
  6 frilled lizards
  5 kobolds
  8 rats
81 creatures vanquished.

Notes
Turn   | Place    | Note
-------+----------+-------------------------------------------
     0 | D:1      | Patate the Troll Monk began the quest for the Orb.
     0 | D:1      | Reached XP level 1. HP: 22/22 MP: 0/0
   161 | D:1      | Reached XP level 2. HP: 24/29 MP: 1/1
   798 | D:2      | Reached XP level 3. HP: 36/36 MP: 2/2
   807 | D:2      | Reached skill level 4 in Unarmed Combat
  1077 | D:2      | Reached XP level 4. HP: 44/44 MP: 3/3
  1393 | D:3      | Noticed an ogre
  1492 | D:3      | Noticed kidcy's ghost (amateur DrIE)
  1509 | D:3      | Killed an ogre
  1509 | D:3      | Reached skill level 5 in Unarmed Combat
  1509 | D:3      | Reached XP level 5. HP: 45/53 MP: 4/4
  1602 | D:3      | Killed kidcy's ghost
  1602 | D:3      | Reached skill level 6 in Unarmed Combat
  1901 | D:3      | Reached XP level 6. HP: 61/61 MP: 5/5
  2165 | D:4      | Reached skill level 7 in Unarmed Combat
  2339 | D:4      | Found a white marble altar of Elyvilon.
  2463 | D:4      | Slain by an ogre

Vault maps used:
D:1:      dpeg_arrival_rhombus
D:3:      kennysheep_generic_room_13
D:4:      elyvilon_altar_5, minmay_temple_entry_statues_pillars

Skill      XL: |  1  2  3  4  5  6 |
---------------+-------------------+-----
Unarmed Combat | 4 5 6 7 |  7.4
Fighting       | 3 |  3.1
Dodging        | |  2.4
Stealth        | |  1.0

Action                   |  1- 3 |  4- 6 || total
-------------------------+-------+-------++-------
Melee: Unarmed           |    81 |   124 ||   205
       Punch             |     2 |     3 ||     5
  Use: Scroll            |     7 |     5 ||    12
 Stab: Sleeping          |     1 |     2 ||     3
  Eat: Chunk             |    14 |    14 ||    28
Armor: Robe              |    28 |    48 ||    76
Dodge: Dodged            |    31 |    67 ||    98

Table legend:
 A = Spawn XP
 B = Non-spawn XP
 C = Spawn XP percentage of total XP
 D = Spawn monster count
 E = Non-spawn monster count
 F = Spawn count percentage of total count
 G = Total turns spent on level
                    A         B        C        D         E        F      G
               +---------+---------+-------+---------+---------+-------+---------
         Total |       0 |     658 |   0.0 |       0 |      81 |   0.0 |  2463
               +---------+---------+-------+---------+---------+-------+---------
           D:1 |       0 |      29 |   0.0 |       0 |      18 |   0.0 |   767
           D:2 |       0 |      79 |   0.0 |       0 |      24 |   0.0 |   651
           D:3 |       0 |     402 |   0.0 |       0 |      25 |   0.0 |   727
           D:4 |       0 |     148 |   0.0 |       0 |      14 |   0.0 |   318
               +---------+---------+-------+---------+---------+-------+---------
